 Dungeon Crawl Stone Soup version 0.27-a0-448-gace5c5693b (webtiles) character file.

Game seed: 11487091354980206570

131 jasper the Sneak (level 4, -3/21 HPs)
             Began as a Spriggan Enchanter on Feb 27, 2021.
             Was an Initiate of Kikubaaqudgha.
             Killed by nerve-wracking pain
             ... invoked by Jessica
              (14 damage)
             ... on level 3 of the Dungeon.
             The game lasted 00:03:27 (2846 turns).

jasper the Sneak (Spriggan Enchanter)               Turns: 2846, Time: 00:03:28

Health: -3/21      AC:  2    Str:  4    XL:     4   Next: 91%
Magic:  1/9        EV: 17    Int: 17    God:    Kikubaaqudgha [......]
Gold:   112        SH:  0    Dex: 15    Spells: 6/9 levels left

rFire    . . .     SeeInvis +   a - +1 dagger
rCold    . . .     Faith    .   (shield restricted)
rNeg     . . .     Spirit   .   b - +0 robe
rPois    .         Reflect  .   (helmet restricted)
rElec    .         Harm     .   (no cloak)
rCorr    .         Rampage  .   (gloves unavailable)
Will     .....                  (boots unavailable)
Stlth    +++.......             (no amulet)
HPRegen  0.07/turn              j - ring of flight
MPRegen  0.11/turn              (no ring)

@: very slightly contaminated, slowed, quick
A: very small, unfitting armour, see invisible, speed 3
a: Renounce Religion, Evoke Flight


You were on level 3 of the Dungeon.
You worshipped Kikubaaqudgha.
Kikubaaqudgha was noncommittal.
You visited 1 branch of the dungeon, and saw 3 of its levels.

You collected 112 gold pieces.

Inventory:

Hand Weapons
 a - a +1 dagger (weapon)
Missiles
 h - 4 boomerangs
Armour
 b - a +0 robe (worn)
Jewellery
 j - a ring of flight (left hand)
 n - an amulet of regeneration
Wands
 m - a wand of random effects (13)
Scrolls
 d - a scroll of teleportation {unknown}
 e - 5 scrolls of identify {unknown}
 f - a scroll of enchant weapon {unknown}
 g - a scroll of magic mapping {unknown}
Potions
 c - a potion of curing {unknown}
 i - 2 potions of degeneration {unknown}
 k - 2 potions of flight {unknown}
 l - 2 potions of lignification {unknown}
 o - 2 potions of haste {unknown}


   Skills:
 + Level 3.0 Short Blades
 - Level 2.6 Dodging
 + Level 6.0 Stealth
 - Level 3.0 Spellcasting
 + Level 4.9 Hexes


You had 6 spell levels left.
You knew the following spells:

 Your Spells              Type           Power        Failure   Level
a - Corona                Hex            21%          2%          1
b - Ensorcelled Hibernat  Hex/Ice        20%          10%         2

Your spell library contained the following spells:

 Spells                   Type           Power        Failure   Level
 Confusing Touch          Hex            19%          7%          3
 Tukima's Dance           Hex            19%          7%          3
 Dazzling Flash           Conj/Hex       20%          19%         3


Dungeon Overview and Level Annotations

Branches:
Dungeon (3/15)

Altars:
Kikubaaqudgha
Okawaru

Annotations:
D:3 Jessica


Innate Abilities, Weirdness & Mutations

You are very small and have problems with some larger weapons.
You are too small for most types of armour.
You have supernaturally acute eyesight. (SInv)
You cover ground extremely quickly.


Message History

You impale the adder!!
You kill the adder!
Kikubaaqudgha accepts your kill. The kobold closely misses you.
Your Short Blades skill increases to level 3!
Aiming: Ensorcelled Hibernation (safe; 10% risk of failure)
Press: ? - help, Q - select action, (/) - cycle Shift-Dir - straight line, f - kobold
Aim: a kobold, quivering stones (chance to affect: 59%)
You miscast Ensorcelled Hibernation.
You are very lightly contaminated with residual magic.
Nothing appears to happen.
Jessica hits you with a +0 dagger. The kobold barely misses you.
You take 2 damage, and have 19/21 hp.
You now have 5/9 mp.
You hit Jessica but do no damage.
Jessica casts a spell.
Jessica blinks!
The kobold misses you.
Aiming: Ensorcelled Hibernation (safe; 10% risk of failure)
Press: ? - help, Q - select action, (/) - cycle Shift-Dir - straight line, f/p - kobold
Aim: a kobold, quivering stones (chance to affect: 59%)
The kobold resists with significant effort.
The kobold closely misses you.
You now have 3/9 mp.
You miss the kobold. Jessica gestures at you while chanting.
You feel yourself slow down. Jessica casts a spell at you.
You struggle to resist.
Aiming: Ensorcelled Hibernation (safe; 10% risk of failure)
Press: ? - help, Q - select action, (/) - cycle Shift-Dir - straight line, f/p - kobold
Aim: a kobold, quivering stones (chance to affect: 59%)
The kobold resists with significant effort.
The kobold hits you. Jessica hits you but does no damage. The kobold hits you.
You take 3 damage, and have 16/21 hp.
You now have 1/9 mp.
Jessica casts a spell at you. Pain shoots through your body!
Jessica gestures at you while chanting. Pain shoots through your body!
Ouch! That really hurt!
You die...
Kikubaaqudgha rasps: "You have failed me!
Welcome... death!"

######## #.# # #......#
#.# # #......# #(# #
#......# #.##### #####
#......####.....###....
+......'...............
#......########.#......
.##.........# #.#......
.......@..#.# #.#.#....
###...@K!.# #.#.#####
........†.# #.#.#
........#.# #.#.#
...####.#.# ..#.# ...
#.#.. ..#.. .# #.#.#.
#.# #.# .# #.# #.# #


You could see Jessica (fast) and a kobold.

Vanquished Creatures
  4 gnolls (D:2)
  2 adders
  2 oozes (D:1)
  A worm (D:2)
  3 dart slugs
  3 orcs (D:3)
  A ball python (D:1)
  7 bats
  A bat zombie (D:2)
  2 giant cockroaches
  8 goblins
  8 hobgoblins
  2 quokkas (D:2)
  3 frilled lizards
  2 kobolds (D:2)
  4 rats (D:1)
53 creatures vanquished.

Notes
Turn   | Place    | Note
-------+----------+-------------------------------------------
     0 | D:1      | jasper the Spriggan Enchanter began the quest for the Orb.
     0 | D:1      | Reached XP level 1. HP: 9/9 MP: 5/5
   419 | D:1      | Reached XP level 2. HP: 11/13 MP: 5/7
   422 | D:1      | Learned a level 2 spell: Ensorcelled Hibernation
   641 | D:1      | Found an iron altar of Okawaru.
   934 | D:1      | Reached skill level 5 in Stealth
   941 | D:1      | Reached XP level 3. HP: 13/16 MP: 1/8
  1816 | D:2      | Reached XP level 4. HP: 21/21 MP: 4/9
  2309 | D:2      | Found an ancient bone altar of Kikubaaqudgha.
  2318 | D:2      | Became a worshipper of Kikubaaqudgha
  2668 | D:2      | Found a faded altar of an unknown god.
  2802 | D:3      | Reached skill level 6 in Stealth
  2835 | D:3      | Noticed Jessica
  2846 | D:3      | Killed from afar by Jessica

Illustrated notes

Levels and vault maps discovered:
D:1:      dpeg_arrival_three_same_balls, layout_rooms, grunt_decor_resistance,
          okawaru_ov_weapons_minmay
D:2:      layout_basic, lemuel_zombie_altar_kikubaaqudgha,
          chequers_ecumenical_altar_island
D:3:      layout_basic, gup_sewer_entry_bowl, uniq_jessica, uniq_ijyb,
          uniq_natasha

Skill      XL: |  1  2  3  4 |
---------------+-------------+-----
Spellcasting   | 3 |  3.0
Hexes          | 4 |  4.9
Stealth        | 5 6 |  6.0
Short Blades   | 2 3 |  3.0
Dodging        | |  2.6

Action                   |  1- 3 |  4- 6 || total
-------------------------+-------+-------++-------
Melee: Dagger            |    86 |    20 ||   106
 Cast: Corona            |     3 |       ||     3
       Ensorcelled Hiber |    32 |    15 ||    47
 Stab: Sleeping          |    29 |    14 ||    43
Armor: Robe              |     2 |       ||     2
Dodge: Dodged            |    55 |    17 ||    72

Table legend: (Time is in decaauts)
 A = Elapsed time spent in this place.
 B = Non-inter-level travel time spent in this place.
 C = Inter-level travel time spent in this place.
 D = Time resting spent in this place.
 E = Time spent auto-exploring this place.
 F = Levels seen in this place.
 G = Mean time per level.
                   A        B        C        D        E       F      G
               +--------+--------+--------+--------+--------+-----+--------+
         Total |   2311 |   2283 |     28 |     67 |   1906 |   3 |  770.3 |
       Dungeon |   2311 |   2283 |     28 |     67 |   1906 |   3 |  770.3 |
               +--------+--------+--------+--------+--------+-----+--------+

Top non-repeatable levels by time:
     D:1: 1244 daAuts
     D:2: 980 daAuts
     D:3: 86 daAuts
